 Dungeon Crawl Stone Soup version 0.31-a0-876-gfe8ebadbca (webtiles) character file.

Game seed: 6231215036467451421

4 kae the Vexing (level 1, 0/13 HPs)
             Began as a Demonspawn Enchanter on Oct 13, 2023.
             Slain by a hobgoblin (1 damage)
             ... on level 1 of the Dungeon.
             The game lasted 00:00:16 (130 turns).

kae the Vexing (Demonspawn Enchanter)                Turns: 130, Time: 00:00:16

Health: 0/13       AC:  2    Str:  8    XL:     1   Next: 50%
Magic:  3/3        EV: 12    Int: 16    God:
Gold:   27         SH:  0    Dex: 13    Spells: 4/4 levels left

rFire   . . .        a - +1 dagger
rCold   . . .        (no shield)
rNeg    . . .        b - +0 robe
rPois   .            (no helmet)
rElec   .            (no cloak)
rCorr   .            (no gloves)
SInv    .            (no boots)
Will    .....        (no amulet)
Stlth   ++           (no ring)
HPRegen 0.22/turn    (no ring)
MPRegen 0.08/turn

%: no passive effects
@: no status effects
A: no striking features
a: no special abilities


You were on level 1 of the Dungeon.
You visited 1 branch of the dungeon, and saw 1 of its levels.

You collected 27 gold pieces.


   Skills:
 * Level 1.1 Short Blades
 - Level 1.7 Dodging
 + Level 2.7 Stealth
 - Level 2.0 Spellcasting
 * Level 3.1 Hexes


You had 4 spell levels left.
You didn't know any spells.
Your spell library contained the following spells:

 Spells                   Type           Power      Damage    Failure   Level
 Ensorcelled Hibernation  Hex/Ice        12%        N/A       17%         2
 Confusing Touch          Hex            11%        N/A       17%         3
 Tukima's Dance           Hex            11%        N/A       17%         3
 Dazzling Flash           Conj/Hex       12%        N/A       32%         3

Inventory:

Hand Weapons
 a - a +1 dagger (weapon)
Armour
 b - a +0 robe (worn)
Scrolls
 d - a scroll of revelation {unknown}
Potions
 c - 2 potions of invisibility
 e - a potion of curing {unknown}

Dungeon Overview and Level Annotations

Branches:
Dungeon (1/15) Zot: 5870

Altars:

#.......# ...
#.......# ....
#.......# .....
#.......# .....
#.......#
.....#######.###
#........##.#
#....wg..##.#
#....B@..##.#
#.[..r...##.#
#......[.##.#
#........##.#
#........##.#
#........##.#
#...........#
#........####
#####.####


You could see a dart slug, a giant cockroach, a hobgoblin and a rat.


Message History

You barely miss the endoplasm. The endoplasm hits you. 😕 HP[-2]
You take 2 damage, and now have 11/13 hp.
An endoplasm is nearby!
You hit the endoplasm.
You kill the endoplasm!
No target in view!
You now have 27 gold pieces (gained 14).
A bat comes into view. 😎 HP[+2]
Your hp is fully restored (13).
A bat is nearby!
The bat barely misses you. The bat closely misses you.
You completely miss the bat. The bat misses you.
A bat is nearby!
You closely miss the bat. The bat hits you but does no damage.
You hit the bat. The bat closely misses you.
The bat hits you but does no damage.
A bat is nearby!
You closely miss the bat. The bat barely misses you. The bat hits you.
You see here a yellow potion. 😕 HP[-1]
You take 1 damage, and now have 12/13 hp.
A bat is nearby!
A bat is nearby!
The bat hits you but does no damage. The bat barely misses you.
You closely miss the bat. The bat closely misses you. 😎 HP[+1]
Your hp is fully restored (13).
A bat is nearby!
The bat hits you. The bat barely misses you.
You hit the bat but do no damage. The bat closely misses you.
The bat hits you. 😕 HP[-2]
You take 2 damage, and now have 11/13 hp.
A bat is nearby!
The bat hits you but does no damage. The bat completely misses you.
You hit the bat. The bat barely misses you. x2
A bat is nearby!
You hit the bat. The bat barely misses you. x2
You closely miss the bat. The bat hits you but does no damage.
The bat misses you. 😕 HP[+1]
A bat is nearby!
You barely miss the bat. The bat misses you.
The bat hits you but does no damage.
You hit the bat.
You kill the bat!
e - a yellow potion 😎 HP[+1]
Your hp is fully restored (13).
No target in view!
No target in view!
A hobgoblin comes into view.
A hobgoblin is nearby!
A hobgoblin is nearby!
A giant cockroach, a dart slug and a rat come into view.
The hobgoblin shouts!
The dart slug launches a dart at you. The slug dart misses you.
There are monsters nearby!
The hobgoblin hits you.
You are too injured to fight recklessly! 😮 HP[-5]
You take 5 damage, and now have 8/13 hp.
MASSIVE DAMAGE!! (PAUSE)
You hit the hobgoblin. The hobgoblin hits you.
You barely miss the hobgoblin. The hobgoblin hits you. 😮 HP[-1]
You take 1 damage, and now have 7/13 hp.
You hit the hobgoblin but do no damage. The hobgoblin hits you.
* * * LOW HITPOINT WARNING * * *
😨 HP[-1]
You take 1 damage, and now have 6/13 hp.
You hit the hobgoblin but do no damage. The giant cockroach misses you.
The dart slug launches a dart at you. The slug dart hits you.
* * * LOW HITPOINT WARNING * * *
The giant cockroach barely misses you.
The hobgoblin hits you but does no damage. 😱 HP[-4]
You take 4 damage, and now have 2/13 hp.
MASSIVE DAMAGE!! (PAUSE)
You hit the hobgoblin but do no damage. The giant cockroach closely misses you.
The hobgoblin hits you.
* * * LOW HITPOINT WARNING * * *
😱 HP[-1]
You take 1 damage, and now have 1/13 hp.
You barely miss the hobgoblin.
The giant cockroach bites you but does no damage.
The hobgoblin closely misses you. 😱 HP[+1] Unknown command.
You closely miss the hobgoblin. The dart slug bites you.
* * * LOW HITPOINT WARNING * * *
The giant cockroach closely misses you. 😱 HP[-1]
You take 1 damage, and now have 1/13 hp.
You hit the hobgoblin. The rat misses you. The hobgoblin hits you.
You die...

Skill      XL: |  1 |
---------------+----+-----
Short Blades   | 1 |  1.1
Dodging        | |  1.7
Stealth        | |  2.7
Spellcasting   | |  2.0
Hexes          | |  3.1

Action                     || total
---------------------------++-------
  Melee: Dagger            ||    26
   Stab: Sleeping          ||     1
 Armour: Robe              ||    21
  Dodge: Dodged            ||    24

Levels and vault maps discovered:
D:1:      minmay_arrival_statue_studded, layout_basic

Notes
Turn   | Place    | Note
-------+----------+-------------------------------------------
     0 | D:1      | kae the Demonspawn Enchanter began the quest for the Orb.
     0 | D:1      | Reached XP level 1. HP: 13/13 MP: 3/3
     0 | D:1      | magus.rc [v1.11.3]
    34 | D:1      | Reached skill level 1 in Short Blades
   126 | D:1      | HP: 2/13 [dart slug/slug dart (4)]
   130 | D:1      | Slain by a hobgoblin

Vanquished Creatures
  An endoplasm (D:1)
  2 bats (D:1)
  A rat (D:1)
4 creatures vanquished.

Table legend:
 A = Non-vault XP
 B = Vault XP
 C = Vault XP percentage of total XP
 D = Non-vault monster count
 E = Vault monster count
 F = Vault count percentage of total count
                 A         B        C        D         E       F
            +---------+---------+-------+---------+---------+-------
      Total |       6 |       0 |   0.0 |       4 |       0 |   0.0
            +---------+---------+-------+---------+---------+-------
        D:1 |       6 |       0 |   0.0 |       4 |       0 |   0.0
            +---------+---------+-------+---------+---------+-------

Skill      XL: |  1 |
---------------+----+-----
Short Blades   | 1 |  1.1
Dodging        | |  1.7
Stealth        | |  2.7
Spellcasting   | |  2.0
Hexes          | |  3.1

Action                     || total
---------------------------++-------
  Melee: Dagger            ||    26
   Stab: Sleeping          ||     1
 Armour: Robe              ||    21
  Dodge: Dodged            ||    24

Illustrated notes

Table legend:
 A = Kills in this place as a percentage of kills in the entire game.
 B = Kills by you in this place as a percentage of kills by you in the entire game.
 C = Kills by friends in this place as a percentage of kills by friends in the entire game.
 D = Other kills in this place as a percentage of other kills in the entire game.
 E = Experience gained in this place as a percentage of experience gained in the entire game.
 F = Experience gained in this place divided by the number of levels of this place that you have seen.
                   A       B       C       D       E      F
               +-------+-------+-------+-------+-------+----------------------
         Total | 100.0 | 100.0 |   N/A |   N/A | 100.0 |   6.0
       Dungeon | 100.0 | 100.0 |   N/A |   N/A | 100.0 |   6.0
               +-------+-------+-------+-------+-------+----------------------

Table legend: (Time is in decaauts)
 A = Elapsed time spent in this place.
 B = Non-inter-level travel time spent in this place.
 C = Inter-level travel time spent in this place.
 D = Time resting spent in this place.
 E = Time spent auto-exploring this place.
 F = Levels seen in this place.
 G = Mean time per level.
                   A        B        C        D        E       F      G
               +--------+--------+--------+--------+--------+-----+--------+
         Total |    128 |    128 |      0 |      0 |     74 |   1 |  128.0 |
       Dungeon |    128 |    128 |      0 |      0 |     74 |   1 |  128.0 |
               +--------+--------+--------+--------+--------+-----+--------+

Top non-repeatable levels by time:
     D:1: 128 daAuts
